 Dungeon Crawl Stone Soup version 0.30-a0-1163-gf69bf04e7a (webtiles) character file.

Game seed: 9850100869071286720

1553748 backslashecho the Armataur Barricade (level 26, 261/261 HPs)
             Began as an Armataur Berserker on Apr 28, 2023.
             Was a High Priest of Trog.
             Escaped with the Orb
             ... and 3 runes on Apr 29, 2023!
             The game lasted 05:28:24 (80202 turns).

backslashecho the Armataur Barricade (AtBe)        Turns: 80202, Time: 05:28:24

Health: 261/261    AC: 54    Str: 34    XL:     26   Next: 25%
Magic:  23/23      EV:  8    Int: 10    God:    Trog [*****.]
Gold:   889        SH: 30    Dex: 14    Spells: 25/25 levels left

rFire   + + .        a - +9 double sword (heavy)
rCold   + + +        c - +0 tower shield
rNeg    + . .        e - +9 gold dragon scales
rPois   +            r - +2 hat of Tilo {rC++ Str+7 Dex-2}
rElec   +            C - +2 cloak
rCorr   +            v - +2 pair of gloves {infuse}
SInv    +            M - +4 barding of the Marlin {rCorr Int+3}
Will    ++...        q - amulet "Arhithu" {Reflect rF+ rC+ SH+5} Stlth
                     U - ring of Zainurapp {rElec rPois rN+ Will+ Int-2}
HPRegen 0.63/turn    t - ring of see invisible
MPRegen 0.18/turn

%: reflection, clarity, roll, infuse magic (1 MP)
@: studying Long Blades
A: large, rugged brown scales 3, deformed body, armoured tail, roll, long
tongue, awkward tongue, clarity, mutation resistance 1
0: Orb of Zot
}: 3/15 runes: barnacled, abyssal, gossamer
a: Renounce Religion, Berserk, Trog's Hand, Brothers in Arms


You escaped.
You worshipped Trog.
Trog was extremely pleased with you.
You visited 10 branches of the dungeon, and saw 50 of its levels.
You visited the Abyss 1 time.
You also visited: Sewer and Ossuary.

You collected 8495 gold pieces.
You spent 7606 gold pieces at shops.

Inventory:

Hand Weapons
 a - a +9 heavy double sword (weapon)
 b - a +9 double sword of flaming
Missiles
 n - 2 javelins
 p - 4 silver javelins (quivered)
 Q - 5 curare-tipped darts
Armour
 c - a +0 tower shield (worn)
 e - +9 gold dragon scales (worn)
 r - the +2 hat of Tilo (worn) {rC++ Str+7 Dex-2}
   (You acquired it on level 2 of the Orcish Mines)

   Str:       It affects your strength (+7).
   Dex:       It affects your dexterity (-2).
   rC:        It greatly protects you from cold.
 v - a +2 pair of gloves of infusion (worn)
 C - a +2 cloak (worn)
 F - the +18 shield of the Gong {Loud rN+ Will+ rCorr EV-5}
   (You found it on level 1 of the Vaults)

   Loud:      It is deafeningly noisy when blocking attacks.
   EV:        It affects your evasion (-5).
   rN:        It protects you from negative energy.
   rCorr:     It protects you from acid and corrosion.
   Will:      It increases your willpower.
 M - the +4 barding of the Marlin (worn) {rCorr Int+3}
   (You acquired it on level 1 of the Orcish Mines)

   Int:       It affects your intelligence (+3).
   rCorr:     It protects you from acid and corrosion.
 Y - a scarf of resistance
Jewellery
 q - the amulet "Arhithu" (around neck) {Reflect rF+ rC+ SH+5}
   (You bought it in a shop on level 4 of the Dungeon)

   [amulet of reflection]

   It reflects blocked missile attacks.
   rF:        It protects you from fire.
   rC:        It protects you from cold.
   SH:        It affects your SH (+5).
 t - a ring of see invisible (right hand)
 A - a ring of willpower
 R - a ring of flight
 S - a ring of protection from fire
 U - the ring of Zainurapp (left hand) {rElec rPois rN+ Will+ Int-2}
   (You bought it in a shop on level 2 of the Dungeon)

   [ring of positive energy]

   Int:       It affects your intelligence (-2).
   rElec:     It insulates you from electricity.
   rPois:     It protects you from poison.
   rN:        It protects you from negative energy.
   Will:      It increases your willpower.
Wands
 f - a wand of flame (13)
 w - a wand of digging (7)
 x - a wand of acid (17)
 y - a wand of iceblast (36)
 H - a wand of mindburst (11)
Scrolls
 h - 18 scrolls of teleportation
 k - 3 scrolls of poison
 u - 9 scrolls of blinking
 E - 3 scrolls of magic mapping
 I - 3 scrolls of summoning
 N - 4 scrolls of fear
 P - 2 scrolls of silence
 X - 5 scrolls of fog
Potions
 d - 5 potions of mutation
 g - 3 potions of flight
 i - 5 potions of resistance
 j - 6 potions of curing
 l - 2 potions of invisibility
 m - 2 potions of heal wounds
 o - 13 potions of ambrosia
 z - 7 potions of magic
 B - a potion of might
 T - 3 potions of cancellation
Miscellaneous
 K - a condenser vane


   Skills:
 + Level 21.3 Fighting
 + Level 19.2 Long Blades
 - Level 16.0 Throwing
 + Level 24.7 Armour
 - Level 12.0 Dodging
 O Level 27 Shields
 - Level 1.0 Unarmed Combat


You had 25 spell levels left.
You didn't know any spells.
Your spell library contained the following spells:

 Spells                   Type           Power      Damage    Failure   Level
 Summon Small Mammal      Summ           0%         N/A       89%         1
 Call Canine Familiar     Summ           0%         N/A       99%         3
 Summon Guardian Golem    Hex/Summ       0%         N/A       99%         3


Dungeon Overview and Level Annotations

Branches:
Dungeon (15/15)            Temple (0/1) D:5            Lair (5/5) D:8
 Shoals (4/4) Lair:3       Spider (4/4) Lair:2        Slime (0/5) Lair:4
    Orc (2/2) D:12            Elf (3/3) Orc:2        Vaults (5/5) D:14
  Crypt (3/3) Vaults:3       Tomb (0/3) Crypt:3      Depths (4/4) D:15
    Zot (5/5) Depths:4      Sewer (visited)         Ossuary (visited)

Altars:
Elyvilon
Fedhas
Gozag
Kikubaaqudgha
Nemelex Xobeh
Okawaru
Qazlal
Ru
Sif Muna
Trog
Wu Jian
Xom
Yredelemnul
Zin
The Shining One
Jiyva

Shops:
D:2 [***=   D:4 =   D:5 [=[   D:6 !   D:7 !*((   D:12 *   D:14 [   Orc:1 ?
Orc:2 :=*!?*   Elf:3 =![:?   Shoals:1 [   Shoals:3 **   Depths:1 :=(:
Depths:2 *   Depths:4 [[[[*

Portals:
Hell: Depths:1 Depths:2 Depths:3 Depths:4
Abyss: Depths:2 Depths:3 Depths:4
Pandemonium: Depths:2 Depths:4
Ziggurat: Depths:3

Annotations:
D:3 Sigmund
D:8 1 exclusion
D:9 2 runed translucent doors
D:14 Roxanne
Lair:4 2 transporters
Elf:2 5 runed translucent doors
Elf:3 1 exclusion
Vaults:2 3 runed translucent doors, exclusion: obsidian statue, SirDiesAlot's ghost, adept OgBe
Vaults:5 Mennas; Saint Roka
Crypt:2 3 runed translucent doors, 2 transporters, Hali's ghost, veteran FoFi
Zot:5 exclusions: orange crystal statue and 2 more exclusions


Innate Abilities, Weirdness & Mutations

You are completely covered in rugged brown scales. (AC +3, +7% HP)
Armour fits poorly on your strangely shaped body.
You have a long armoured tail.
You roll when moving toward enemies. (Rampage)
Your long tongue fully drains potion bottles. (2x potion effects)
Your tongue gives you trouble enunciating. (1.5x scroll delay)
You possess an exceptional clarity of mind.
You are somewhat resistant to further mutation.


Message History

The rakshasa is lightly wounded.
You block the rakshasa's attack.
You now have 22/23 mp.
You slice the rakshasa like a ripe choko!!!
You kill the rakshasa!
Trog accepts your kill.
You now have 21/23 mp.
No target in view!
(D) Dungeon (T) Temple (L) Lair (A) Shoals (N) Spider Nest (M) Slime Pits (O) Orcish Mines (E) Elven Halls (V) Vaults (C) Crypt (W) Tomb (U) Depths (H) Hell (Z) Zot
Where to? (Enter - D:1 @ (x,y), ? - help)
There is a stone staircase leading up here.
You climb upwards.
There is a stone staircase leading down here.
Magic restored.
You enter the shallow water.
There is a dry fountain here.
A demonic crawler comes into view.
The demonic crawler gives a hideous shriek!
MP restored: 23
(D) Dungeon (T) Temple (L) Lair (A) Shoals (N) Spider Nest (M) Slime Pits (O) Orcish Mines (E) Elven Halls (V) Vaults (C) Crypt (W) Tomb (U) Depths (H) Hell (Z) Zot
Where to? (Enter - D:1 @ (x,y), ? - help)
A demonic crawler is nearby!
There is a stone staircase leading up here.
You climb upwards.
There is a stone staircase leading down here.
(D) Dungeon (T) Temple (L) Lair (A) Shoals (N) Spider Nest (M) Slime Pits (O) Orcish Mines (E) Elven Halls (V) Vaults (C) Crypt (W) Tomb (U) Depths (H) Hell (Z) Zot
Where to? (Enter - D:1 @ (x,y), ? - help)
You see here a +0 dagger.
There is a staircase leading out of the dungeon here.
There is a staircase leading out of the dungeon here.
You have escaped!

#......>#.............)....
#..♣♣♣♣♣♣♣♣♣##.............
#..♣.......♣ #.............
##.♣.PPPPP.♣ #.............
##♣.P~≈~P.♣ ######........
♣.P~8≈P.♣#######........
♣.P~~~P.♣.#......#......
♣.PPPPP.♣...#######.....
♣......@♣.### ##.[..
♣♣♣♣♣.♣♣♣.# #.....
#....)...# #.....
#........# #.....
#2.......# #.....
########## ##...# #####


You could see a blizzard demon.

Vanquished Creatures
  3 dread liches (Zot:5)
  4 ancient liches
  7 orbs of fire
  Mara (Vaults:3)
  A juggernaut (Depths:3)
  4 Killer Klowns (Zot:5)
  2 caustic shrikes (Depths:2)
  4 curse toes
  Nikola (Shoals:2)
  13 golden dragons
  Arachne (Spider:2)
  2 bone dragons (Crypt:3)
  4 electric golems
  Jorgrun (Elf:1)
  Zenata (Vaults:4)
  21 tentacled monstrosities
  Rupert (D:15)
  25 Orb Guardians (Zot:5)
  A walking crystal tome (Depths:3)
  2 walking earthen tomes (Depths:3)
  3 walking divine tomes
  A titan (Depths:3)
  3 liches
  A walking frostbound tome (Depths:3)
  2 deep elf blademasters (Elf:3)
  2 deep elf master archers (Elf:3)
  12 quicksilver dragons
  3 Executioners
  Polyphemus (Shoals:2)
  Gastronok (Lair:3)
  An acid blob (Zot:5)
  11 ancient champions
  A kraken (Shoals:1)
  8 death cobs
  Kirke (Shoals:1)
  Agnes (Elf:1)
  3 tengu reavers
  4 revenants
  12 storm dragons
  5 sphinxes
  A thorn hunter (Abyss:3)
  6 draconian monks
  11 shadow dragons
  12 draconian knights
  7 fire giants
  5 frost giants
  2 iron dragons
  3 deep elf sorcerers
  Louise (Shoals:1)
  8 emperor scorpions
  Aizul (Vaults:1)
  10 ghost moths
  7 draconian scorchers
  14 vault wardens
  2 curse skulls
  4 draconian shifters
  3 ghouls
  5 deep elf elementalists (Elf:3)
  An orc warlord (Vaults:2)
  9 stone giants
  12 draconian annihilators
  14 ironbound preservers
  12 very ugly things
  4 spriggan defenders
  5 ironbound thunderhulks
  A cacodemon (Depths:2)
  7 draconian stormcallers
  3 war gargoyles
  The ghost of IdlyInterested the Severer, a journeyman DsFi of Trog (D:15)
  16 green draconians
  A juggernaut skeleton (Crypt:3)
  Nessos (D:13)
  12 black draconians
  5 deep elf demonologists (Elf:3)
  A lorocyproca (D:13)
  8 vampire knights
  18 white draconians
  A bunyip (shapeshifter) (Depths:1)
  16 red draconians
  6 deep elf annihilators
  9 dire elephants
  12 yellow draconians
  4 spark wasps
  9 purple draconians
  6 eidola
  9 ettins
  A quicksilver dragon zombie (Depths:1)
  Snorg (D:11)
  4 merfolk javelineers
  10 jiangshi
  3 deep elf death magi
  A crystal guardian (Vaults:2)
  13 great orbs of eyes
  9 fire dragons
  Josephine (Lair:4)
  3 mummy priests (Crypt:3)
  12 yaktaur captains
  4 deep elf high priests
  14 merfolk impalers
  7 entropy weavers
  4 rakshasas
  2 peacekeepers
  9 ice dragons
  2 caustic shrike simulacra
  2 spriggan skeletons
  A catoblepas (Shoals:1)
  Fannar (Lair:3)
  5 ironbound frosthearts
  Erolcha (D:9)
  7 spriggan air magi
  An ogre mage (D:14)
  4 satyrs
  18 hydras
  4 radroaches
  25 vault guards
  2 alligator snapping turtles
  16 centaur warriors
  A fenstrider witch skeleton (Crypt:3)
  2 merfolk avatars
  3 death knights
  5 merfolk aquamancers
  8 two-headed ogres
  6 boulder beetles
  9 deep troll earth magi
  Urug (Lair:3)
  11 dancing weapons
  7 deep troll shamans
  3 death yaks (Shoals:1)
  5 orc high priests
  3 tengu warriors
  3 soul eaters
  A spriggan berserker (Depths:3)
  2 spriggans (Depths:4)
  6 vampire magi
  A titan zombie (Crypt:2)
  5 deep elf knights
  A sun demon (Depths:4)
  6 shadow wraiths
  28 skeletal warriors
  A fire crab (Lair:3)
  10 skysharks
  A bunyip zombie (Crypt:3)
  7 iron trolls
  A sun moth (Spider:2)
  A sixfirhy (Zot:5)
  3 death drakes (Depths:4)
  7 flayed ghosts
  6 pharaoh ants
  10 sea snakes
  10 orb spiders
  3 deep elf archers
  A glowing orange brain (shapeshifter) (Vaults:1)
  3 spriggan simulacra
  44 deep trolls
  2 glowing orange brains
  6 lindwurms
  A kraken simulacrum (Shoals:4)
  11 phantasmal warriors
  11 wizards
  2 sphinx zombies
  2 bog bodies (Crypt:2)
  3 steelbarb worms
  9 orc knights
  A mana viper (shapeshifter) (Depths:3)
  17 ironbound convokers
  Pikel (D:7)
  19 deep elf pyromancers
  16 deep elf zephyrmancers
  14 harpies
  10 necromancers
  An oklob plant (Orc:2)
  24 wolf spiders
  A fire giant zombie (Vaults:4)
  A tengu skeleton (Depths:2)
  5 cyclopes
  5 orc sorcerers
  11 fauns
  27 ugly things
  5 worldbinders (Abyss:3)
  15 manticores
  A fire giant skeleton (Depths:1)
  13 moths of wrath
  A stone giant skeleton (Depths:2)
  A human skeleton (Vaults:4)
  A dire elephant zombie (Crypt:3)
  8 merfolk sirens
  A black mamba (shapeshifter) (Depths:3)
  21 vault sentinels
  A frost giant skeleton (Depths:1)
  10 elephants
  5 black mambas
  5 demonic crawlers
  A torpor snail (shapeshifter) (Depths:3)
  3 torpor snails
  5 water nymphs
  2 gargoyles
  15 cane toads
  2 efreet
  A swamp worm zombie (Crypt:3)
  3 spriggan zombies
  3 rime drakes
  6 komodo dragons
  A kobold demonologist (D:14)
  A dire elephant skeleton (Crypt:2)
  6 freezing wraiths
  An unseen horror (D:12)
  41 yaktaurs
  14 guardian mummies (Crypt:3)
  A catoblepas zombie (Crypt:1)
  2 tengu conjurers (D:12)
  An ancient zyme (Abyss:3)
  A red devil (Depths:2)
  19 merfolk
  6 meliai
  A queen bee (D:14)
  5 trolls
  A yaktaur skeleton (Vaults:4)
  2 harpy zombies (Crypt:3)
  5 polar bears (Lair:2)
  4 harpy skeletons
  2 tyrant leeches (Lair:5)
  6 wind drakes
  28 tarantellas
  9 hornets
  29 blink frogs
  Prince Ribbit (D:8)
  6 snapping turtles
  A slime creature (shapeshifter) (Depths:3)
  3 dream sheep (Shoals:3)
  A draconian simulacrum (Crypt:3)
  A hydra skeleton (Crypt:3)
  31 jumping spiders
  16 water elementals
  35 slime creatures
  3 vampires
  An ushabti (Crypt:3)
  16 culicivoras
  6 wyverns
  5 shadows
  Grum (D:11)
  6 basilisks
  13 wraiths
  4 fire elementals
  9 starcursed masses (Abyss:3)
  54 yaks
  A black mamba skeleton (Crypt:3)
  3 large abominations
  A steam dragon (D:9)
  A redback (shapeshifter) (Depths:2)
  A golden eye (Zot:2)
  59 redbacks
  A chaos spawn (Depths:2)
  A two-headed ogre zombie (Crypt:3)
  7 vampire mosquitoes
  2 neqoxecs (Abyss:3)
  A warg (Orc:2)
  2 acid dragons
  A glowing shapeshifter zombie (Crypt:2)
  4 water moccasins
  A glowing shapeshifter skeleton (Crypt:2)
  5 hell hounds (Elf:1)
  A floating eye (Depths:3)
  5 black bears
  24 orc warriors
  A cane toad skeleton (Crypt:3)
  A sky beast (D:7)
  Pargi (D:3)
  An ice beast (D:7)
  A snapping turtle skeleton (Crypt:1)
  11 boggarts
  26 wolves
  7 ogres
  12 centaurs
  3 phantoms
  A rime drake skeleton (Crypt:2)
  3 elf zombies
  4 kobold brigands
  3 gnoll sergeants
  19 bullfrogs
  4 earth elementals
  6 scorpions
  A glowing shapeshifter simulacrum (Depths:1)
  A necrophage (Crypt:2)
  5 wights (D:10)
  A warg zombie (Crypt:2)
  A wyvern zombie (Crypt:1)
  39 killer bees
  A warg skeleton (Crypt:2)
  12 electric eels
  3 howler monkeys
  3 centaur zombies
  3 human zombies (Ossuary)
  Crazy Yiuf (D:7)
  17 orc priests
  A gnoll bouda (Orc:2)
  3 sleepcaps
  4 iguanas
  Natasha (D:3)
  34 orc wizards
  6 hell rats
  A small abomination (Abyss:3)
  A tengu zombie (Crypt:3)
  2 naga skeletons
  An acid dragon skeleton (Crypt:3)
  2 hound zombies
  4 mummies
  Robin (D:4)
  26 gnolls
  6 adders
  A howler monkey skeleton (Crypt:2)
  7 river rats
  A howler monkey simulacrum (D:9)
  An ufetubus (D:5)
  3 adder zombies (Ossuary)
  2 worms
  A dart slug (D:1)
  71 orcs
  5 bats
  A bat zombie (Crypt:3)
  10 endoplasms
  8 giant cockroaches
  2 gnoll zombies (Ossuary)
  9 goblins
  17 hobgoblins
  3 jackals (D:3)
  8 quokkas
  9 ball pythons
  3 frilled lizards
  6 goblin zombies (Ossuary)
  2 hobgoblin zombies (Ossuary)
  5 jackal zombies (Ossuary)
  17 kobolds
  2 kobold zombies (D:8)
  An orc skeleton (Crypt:1)
  An orc zombie (Ossuary)
  3 quokka zombies (Ossuary)
  16 rats
  5 rat zombies (Ossuary)
  5 tentacles (Shoals:1)
2251 creatures vanquished.

Vanquished Creatures (collateral kills)
  A green draconian (Depths:4)
  A flayed ghost (Depths:2)
2 creatures vanquished.

Vanquished Creatures (others)
  2 fire giants (Depths:2)
  A purple draconian (Depths:4)
  A rakshasa (Depths:1)
  A sun moth (Spider:2)
  A deep elf zephyrmancer (Elf:1)
  2 manticores
  A meliai (D:9)
  4 humans (Shoals:1)
  A wyvern (Elf:1)
  A warg (Vaults:5)
  3 orc warriors (Vaults:5)
  A boggart (Vaults:1)
  An orc priest (Orc:2)
  2 briar patches (Abyss:3)
  A bush (Lair:5)
  25 fungi
  217 plants
  11 tentacles
276 creatures vanquished.

Grand Total: 2529 creatures vanquished

Notes
Turn   | Place    | Note
-------+----------+-------------------------------------------
     0 | D:1      | backslashecho the Armataur Berserker began the quest for
                  | the Orb.
     0 | D:1      | Reached XP level 1. HP: 19/19 MP: 1/1
    61 | D:1      | Reached XP level 2. HP: 23/26 MP: 2/2
   489 | D:1      | Reached skill level 1 in Unarmed Combat
   489 | D:1      | Reached XP level 3. HP: 24/33 MP: 3/3
   824 | D:2      | Found Cimest's General Store.
   869 | D:2      | Reached ** piety under Trog
   956 | D:2      | Found Kimiomuo's Assorted Antiques.
   963 | D:2      | Found Nasoer's Assorted Antiques.
   973 | D:2      | Found a faded altar of an unknown god.
  1029 | D:2      | Found Ylopunt's Jewellery Shoppe.
  1089 | D:2      | Found Bitz's Antique Armour Emporium.
  1285 | D:3      | Noticed Sigmund
  1413 | D:3      | Noticed Pargi
  1424 | D:3      | Killed Pargi
  1425 | D:3      | Reached XP level 4. HP: 42/42 MP: 4/4
  1425 | D:3      | Reached XP level 5. HP: 49/49 MP: 5/5
  1572 | D:3      | Noticed Natasha
  1576 | D:3      | Killed Natasha
  1874 | D:4      | Noticed an ogre
  1884 | D:4      | Killed an ogre
  1885 | D:4      | Reached XP level 6. HP: 43/55 MP: 6/6
  1971 | D:4      | Reached skill level 5 in Long Blades
  2029 | D:4      | Found a shimmering altar of Xom.
  2065 | D:4      | Noticed Robin
  2097 | D:4      | Killed Robin
  2100 | D:4      | Reached *** piety under Trog
  2243 | D:4      | Found a blossoming altar of Fedhas.
  2244 | D:4      | Found a white marble altar of Elyvilon.
  2244 | D:4      | Found a bloodstained altar of Trog.
  2245 | D:4      | Found a sparkling altar of Nemelex Xobeh.
  2303 | D:4      | Found Lolyosaa's Jewellery Shop.
  2603 | D:5      | Entered Level 5 of the Dungeon
  2603 | D:5      | Found Ifidatov's Antique Armour Shoppe.
  2603 | D:5      | Found Seifoam's Jewellery Shoppe.
  2603 | D:5      | Found Rerin's Antique Armour Shoppe.
  2682 | D:5      | Reached XP level 7. HP: 56/64 MP: 7/7
  2754 | D:5      | Found the +5 woodcutter's axe
  2794 | D:5      | Found a staircase to the Ecumenical Temple.
  2870 | D:5      | Reached skill level 5 in Fighting
  2870 | D:5      | Reached skill level 5 in Armour
  2870 | D:5      | Reached XP level 8. HP: 72/72 MP: 8/8
  3556 | D:6      | Found a sacrificial altar of Ru.
  3674 | D:6      | Reached **** piety under Trog
  3701 | D:6      | Found a glowing drain.
  3707 | Sewer    | Entered a sewer
  4148 | D:6      | Found Dimoatoc's Distillery.
  4155 | D:6      | Bought a potion of degeneration for 14 gold pieces
  4581 | D:7      | Found an ornate altar of the Wu Jian Council.
  4620 | D:7      | Reached XP level 9. HP: 80/83 MP: 9/9
  4649 | D:7      | Found Syhimp's General Store.
  4658 | D:7      | Found Caotz's Weapon Shop.
  4687 | D:7      | Found Kofuirchu's Antique Weapon Shoppe.
  4776 | D:7      | Found a runed translucent door.
  4777 | D:7      | Noticed Crazy Yiuf
  4816 | D:7      | Found Timp's Distillery.
  4851 | D:7      | Noticed Pikel
  4862 | D:7      | Killed Pikel
  5000 | D:7      | Killed Crazy Yiuf
  5185 | D:8      | Paralysed by a hornet for 1 turns
  5196 | D:8      | Paralysed by a hornet for 2 turns
  5204 | D:8      | Reached skill level 10 in Long Blades
  5273 | D:8      | Found a sand-covered staircase.
  5281 | Ossuary  | Entered an ossuary
  5424 | Ossuary  | Reached ***** piety under Trog
  5775 | D:8      | Noticed a two-headed ogre
  5776 | D:8      | Noticed a two-headed ogre
  5909 | D:8      | Identified the +12 great sword of Taxation {flame, rPois
                  | rF- rN++ Dex+3} (Trog gifted it to you on level 8 of the
                  | Dungeon)
  5909 | D:8      | Received a gift from Trog
  5917 | D:8      | Found a staircase to the Lair.
  6167 | D:8      | Found an opulent altar of Gozag.
  6341 | D:8      | Noticed Prince Ribbit
  6358 | D:8      | Killed Prince Ribbit
  6359 | D:8      | Reached XP level 10. HP: 92/94 MP: 10/10
  6442 | D:8      | Found a stormy altar of Qazlal.
  6616 | D:8      | Found a shimmering blue altar of Sif Muna.
  6672 | D:9      | Noticed Erolcha
  6682 | D:9      | Killed Erolcha
  6739 | D:9      | Paralysed by a hornet for 3 turns
  6752 | D:9      | Paralysed by a hornet for 1 turns
  6940 | D:9      | Found a runed translucent door.
  6940 | D:9      | Found a runed translucent door.
  6962 | D:9      | Noticed a centaur warrior
  6963 | D:9      | Noticed a centaur warrior
  6964 | D:9      | Noticed a two-headed ogre
  6965 | D:9      | Noticed a cyclops
  6965 | D:9      | Noticed a gargoyle
  6993 | D:9      | Killed a centaur warrior
  6994 | D:9      | Killed a gargoyle
  6996 | D:9      | Killed a centaur warrior
  6997 | D:9      | Noticed a brown ugly thing
  6998 | D:9      | Killed a two-headed ogre
  7002 | D:9      | Killed a brown ugly thing
  7021 | D:9      | Killed a cyclops
  7079 | D:9      | Identified the +6 quarterstaff of Dateg {venom, *Corrode
                  | Will+ Stlth+}
  7130 | D:9      | Reached XP level 11. HP: 96/103 MP: 11/11
  7950 | D:10     | Entered Level 10 of the Dungeon
  8209 | D:10     | Found a glowing silver altar of Zin.
  8234 | D:10     | Noticed a two-headed ogre
  8252 | D:10     | Killed a two-headed ogre
  8689 | D:2      | Bought the ring of Zainurapp {rElec rPois rN+ Will+ Int-2}
                  | for 435 gold pieces
  8865 | D:11     | Noticed Snorg
  8948 | D:11     | Noticed Grum
  8959 | D:11     | Killed Grum
  9038 | D:11     | Killed Snorg
  9039 | D:11     | Reached skill level 10 in Fighting
  9348 | D:11     | Reached skill level 1 in Throwing
  9352 | D:11     | Reached XP level 12. HP: 102/113 MP: 12/12
  9676 | Lair:1   | Entered Level 1 of the Lair of Beasts
  9936 | Lair:1   | Received a gift from Trog
 10760 | Lair:2   | Found a hole to the Spider Nest.
 10766 | Lair:2   | Reached skill level 15 in Long Blades
 11567 | Lair:2   | Reached XP level 13. HP: 104/124 MP: 13/13
 11634 | Lair:3   | Noticed Urug
 11646 | Lair:3   | Killed Urug
 11655 | Lair:3   | Noticed Fannar
 11658 | Lair:3   | Reached skill level 10 in Armour
 11670 | Lair:3   | Received a gift from Trog
 11672 | Lair:3   | Killed Fannar
 11808 | Lair:3   | Noticed Gastronok
 11830 | Lair:3   | Killed Gastronok
 11831 | Lair:3   | Reached skill level 5 in Throwing
 11864 | Lair:3   | Identified a scroll of acquirement
 11864 | Lair:3   | Acquired 1082 gold pieces
 12060 | Lair:3   | Identified the +7 shortbow of Luteuciwiu {speed, +Blink
                  | rPois rF- rCorr}
 12076 | Lair:3   | Found a staircase to the Shoals.
 12321 | Lair:4   | Noticed Josephine
 12429 | Lair:4   | Found a transporter.
 12431 | Lair:4   | Found a transporter.
 12557 | Lair:4   | Killed Josephine
 12945 | Lair:4   | Found a viscous altar of Jiyva.
 12946 | Lair:4   | Found a staircase to the Slime Pits.
 12959 | Lair:4   | Reached skill level 1 in Shields
 12981 | Lair:4   | Reached skill level 2 in Shields
 13210 | D:4      | Bought the amulet "Arhithu" {Reflect rF+ rC+ SH+5} for 561
                  | gold pieces
 13277 | D:5      | Bought a shimmering leather armour for 154 gold pieces
 13277 | D:5      | Identified the +0 leather armour "Kapla" {Rampage rElec
                  | Regen+ Int-2 SInv} (You bought it in a shop on level 5 of
                  | the Dungeon)
 13277 | D:5      | Bought a transparent scale mail for 198 gold pieces
 13277 | D:5      | Identified the +4 scale mail of a volcano {Str+5 Int+2}
                  | (You bought it in a shop on level 5 of the Dungeon)
 13616 | Lair:4   | Reached skill level 3 in Shields
 13995 | Lair:5   | Entered Level 5 of the Lair of Beasts
 14113 | Lair:5   | Reached XP level 14. HP: 110/134 MP: 14/14
 14114 | Lair:5   | Received a gift from Trog
 14249 | Lair:5   | Reached skill level 4 in Shields
 14516 | Lair:5   | Reached skill level 5 in Shields
 14706 | Lair:5   | Reached skill level 6 in Shields
 15126 | Lair:5   | Identified the +7 dagger of the Eight Planets {heavy, rCorr
                  | Str+2}
 15577 | D:12     | Found a staircase to the Orcish Mines.
 15758 | D:12     | Found Totaseg's Assorted Antiques.
 15866 | D:12     | Received a gift from Trog
 16287 | Orc:1    | Entered Level 1 of the Orcish Mines
 16304 | Orc:1    | Reached skill level 7 in Shields
 16393 | Orc:2    | Entered Level 2 of the Orcish Mines
 16393 | Orc:2    | Found Ristiz's Jewellery Shop.
 16393 | Orc:2    | Found a staircase to the Elven Halls.
 16668 | Orc:2    | Found Seag Ror's Book Shop.
 17021 | Orc:1    | Found Secietif's Magic Scroll Emporium.
 17034 | Orc:1    | Bought a scroll of acquirement for 728 gold pieces
 17035 | Orc:1    | Acquired the +4 barding of the Marlin {rCorr Int+3}
 17046 | Orc:1    | Bought a scroll of blinking for 105 gold pieces
 17155 | Orc:1    | You fall into a shaft and drop 1 floor!
 17155 | Orc:2    | Found Suoxkuwk's Distillery.
 17208 | Orc:2    | Found Noluga Luog's Assorted Antiques.
 17442 | Orc:2    | Reached XP level 15. HP: 145/145 MP: 15/15
 17486 | Orc:2    | Found Itam's Magic Scroll Shop.
 17488 | Orc:2    | Found Ilosofuf's General Store.
 17497 | Orc:2    | Bought a scroll of acquirement for 572 gold pieces
 17497 | Orc:2    | Acquired the +2 hat of Tilo {rC++ Str+7 Dex-2}
 17683 | Orc:1    | Bought a scroll of fog for 56 gold pieces
 17683 | Orc:1    | Bought a scroll of fear for 56 gold pieces
 17759 | D:13     | Noticed Nessos
 17770 | D:13     | Reached skill level 8 in Shields
 17780 | D:13     | Reached ****** piety under Trog
 17784 | D:13     | Killed Nessos
 18228 | D:13     | Identified the +8 whip of Xilao {antimagic, *Corrode rF+
                  | Int+3 Stlth+}
 18640 | D:14     | Identified Roxanne's Octavo of Excavation
 18640 | D:14     | Noticed Roxanne
 18678 | D:14     | Found a white marble altar of Elyvilon.
 18710 | D:14     | You fall into a shaft and drop 1 floor!
 18710 | D:15     | Entered Level 15 of the Dungeon
 18735 | D:15     | Reached skill level 5 in Dodging
 18735 | D:15     | Reached skill level 9 in Shields
 18747 | D:15     | Identified the +2 buckler "Vomut" {rF+ Slay+6}
 18891 | D:14     | Found Jicruypp's Antique Armour Emporium.
 18972 | D:14     | Received a gift from Trog
 19568 | D:14     | Found a gate to the Vaults.
 19749 | D:15     | Noticed IdlyInterested's ghost (journeyman DsFi)
 19749 | D:15     | Found a large runed translucent door.
 19749 | D:15     | Found a large runed translucent door.
 20007 | D:15     | Found a staircase to the Depths.
 20174 | D:15     | Noticed Rupert
 20185 | D:15     | Killed Rupert
 20278 | D:15     | Killed IdlyInterested's ghost
 20283 | D:15     | Identified the +6 leather armour "Nurixoha" {rPois rF+++
                  | Dex-3 SInv}
 20300 | D:15     | Identified the +1 robe "Goigras" {Dex+2 Slay+3}
 20576 | Spider:1 | Entered Level 1 of the Spider Nest
 20576 | Spider:1 | Noticed an emperor scorpion
 20605 | Spider:1 | Killed an emperor scorpion
 21213 | Spider:1 | Reached XP level 16. HP: 126/157 MP: 16/16
 21227 | Spider:1 | Received a gift from Trog
 22537 | Spider:2 | Noticed Arachne
 22580 | Spider:2 | Killed Arachne
 23271 | Spider:2 | Received a gift from Trog
 23379 | Spider:2 | Reached skill level 15 in Fighting
 23855 | Spider:2 | Reached skill level 10 in Dodging
 25749 | Spider:4 | Entered Level 4 of the Spider Nest
 25830 | Spider:4 | Received a gift from Trog
 27047 | Spider:4 | Reached XP level 17. HP: 157/166 MP: 17/17
 27680 | Spider:4 | Identified the +3 pair of boots of Ziexuf {Harm Will+
                  | Str-4}
 27691 | Spider:4 | Got a gossamer rune of Zot
 27856 | Shoals:1 | Entered Level 1 of the Shoals
 27867 | Shoals:1 | Received a gift from Trog
 27873 | Shoals:1 | Noticed a kraken
 28430 | Shoals:1 | Killed a kraken
 28732 | Shoals:1 | Noticed Kirke
 28817 | Shoals:1 | Noticed Louise
 28830 | Shoals:1 | Killed Louise
 28990 | Shoals:1 | Killed Kirke
 29187 | Shoals:1 | Found Rammanu's Dragon-Slaying Spoils.
 29194 | Shoals:1 | Bought +1 gold dragon scales for 1044 gold pieces
 29261 | Shoals:1 | Paralysed by a great orb of eyes for 2 turns
 29306 | Shoals:1 | Noticed a tentacled monstrosity
 29311 | Shoals:1 | Killed a tentacled monstrosity
 29315 | Shoals:1 | Identified the ring "Ulic" {Ice rElec rPois Int+2}
 29907 | Shoals:2 | Noticed Polyphemus
 30015 | Shoals:2 | Killed Polyphemus
 30117 | Shoals:2 | Reached skill level 15 in Armour
 30247 | Shoals:2 | Noticed Nikola
 30393 | Shoals:2 | Received a gift from Trog
 31006 | Shoals:2 | Killed Nikola
 31536 | Shoals:3 | Found Feir's Specific Store.
 31540 | Shoals:3 | Found Maoroavy's General Store.
 31550 | Shoals:3 | Bought a scroll of fog for 64 gold pieces
 31663 | Shoals:3 | Found Raxain's Island Escapes.
 31703 | Shoals:3 | Reached XP level 18. HP: 140/177 MP: 18/18
 32292 | Shoals:4 | Entered Level 4 of the Shoals
 32365 | Shoals:3 | Bought a scroll of fog for 60 gold pieces
 32365 | Shoals:3 | Bought a scroll of teleportation for 45 gold pieces
 32365 | Shoals:3 | Bought a scroll of blinking for 112 gold pieces
 33545 | Shoals:4 | Got a barnacled rune of Zot
 33922 | Vaults:1 | Entered Level 1 of the Vaults
 33984 | Vaults:1 | Received a gift from Trog
 34365 | Vaults:1 | Found the +8 trishula "Condemnation" {holy, anguish, *Noise
                  | Fly rN+}
 34428 | Vaults:1 | Identified the +1 leather armour of the Lotus Blossom
                  | {rPois rF+}
 35075 | Vaults:1 | Received a gift from Trog
 35225 | Vaults:1 | Found the +18 shield of the Gong {Loud rN+ Will+ rCorr
                  | EV-5}
 35372 | Vaults:1 | Noticed Aizul
 35386 | Vaults:1 | Killed Aizul
 35978 | Vaults:2 | You fall into a shaft and drop 1 floor!
 36006 | Vaults:3 | Noticed Mara
 36018 | Vaults:3 | Noticed backslashecho's illusion
 36027 | Vaults:3 | Killed Mara
 36215 | Vaults:3 | Found a staircase to the Crypt.
 36422 | Vaults:3 | Reached XP level 19. HP: 176/182 MP: 19/19
 36805 | Vaults:3 | Identified the +7 spear of Pandemonium {flame, Will+}
 37106 | Vaults:2 | Reached skill level 10 in Throwing
 38498 | Vaults:2 | Identified the +9 long sword of Desertification {heavy,
                  | rPois rC+} (Trog gifted it to you on level 2 of the Vaults)
 38498 | Vaults:2 | Received a gift from Trog
 39320 | Vaults:2 | Reached skill level 10 in Shields
 39386 | Vaults:2 | Found a runed translucent gate.
 39386 | Vaults:2 | Found a runed translucent gate.
 39386 | Vaults:2 | Found an opulent altar of Gozag.
 39386 | Vaults:2 | Found a runed translucent gate.
 39386 | Vaults:2 | Found Rous's Assorted Antiques.
 39387 | Vaults:2 | Noticed SirDiesAlot's ghost (adept OgBe)
 39906 | Vaults:2 | Received a gift from Trog
 40369 | Vaults:3 | Reached skill level 11 in Shields
 40872 | Vaults:3 | Identified the +0 rapier of Sin {elec, Int+10 Dex-3}
 41444 | Vaults:4 | Reached XP level 20. HP: 196/196 MP: 20/20
 41507 | Vaults:4 | Identified the +1 cloak of the Miller {Harm Slay+2}
 41571 | Vaults:4 | Reached skill level 12 in Shields
 41975 | Vaults:4 | Noticed Zenata
 41993 | Vaults:4 | Killed Zenata
 42120 | Vaults:4 | Acquired 1158 gold pieces
 42828 | Vaults:4 | Reached skill level 13 in Shields
 43370 | Elf:1    | Entered Level 1 of the Elven Halls
 43440 | Elf:1    | Noticed Agnes
 43462 | Elf:1    | Killed Agnes
 43753 | Elf:1    | Noticed Jorgrun
 43774 | Elf:1    | Killed Jorgrun
 43811 | Elf:1    | Paralysed by a sphinx for 3 turns
 43834 | Elf:1    | Received a gift from Trog
 44357 | Elf:1    | Reached skill level 14 in Shields
 44386 | Elf:1    | Identified the +0 helmet "Afuu" {Harm rC+ Str+3 Slay+2}
 45361 | Elf:2    | Found a huge runed translucent gate.
 45361 | Elf:2    | Found a huge runed translucent gate.
 45361 | Elf:2    | Found a huge runed translucent gate.
 45361 | Elf:2    | Found a huge runed translucent gate.
 45361 | Elf:2    | Found a huge runed translucent gate.
 45454 | Elf:3    | Entered Level 3 of the Elven Halls
 45454 | Elf:3    | Found Iseevod's Armour Emporium.
 45544 | Elf:3    | Found Lyuwn's Distillery.
 45546 | Elf:3    | Bought a potion of curing for 45 gold pieces
 45546 | Elf:3    | Bought a potion of curing for 45 gold pieces
 45546 | Elf:3    | Bought a potion of curing for 45 gold pieces
 45546 | Elf:3    | Bought a potion of haste for 150 gold pieces
 45684 | Elf:3    | Found Gosin's Jewellery Shoppe.
 45696 | Elf:3    | Bought a ring of willpower for 475 gold pieces
 45869 | Elf:3    | Found Garcholu's Book Shop.
 45899 | Elf:3    | Received a gift from Trog
 45945 | Elf:3    | Found Roovoh's Magic Scroll Boutique.
 46642 | Elf:3    | Reached skill level 15 in Shields
 46686 | Elf:3    | Reached XP level 21. HP: 183/207 MP: 21/21
 46930 | Elf:3    | Identified the +6 lajatang of Disintegration {venom, rN+}
 46987 | Elf:3    | Identified the staff of poison "Elysoneres" {rElec rPois
                  | rF+ Str+4}
 47009 | Elf:3    | Identified the +0 pair of boots of Conscience {Will+}
 47017 | Elf:3    | Identified the +7 shortbow of Patience {heavy, Str+5 Int+2}
 47034 | Elf:3    | Identified the +7 mace of Yrheef {protect, rF- rC+ rCorr
                  | MP+9}
 47521 | Depths:1 | Entered Level 1 of the Depths
 47522 | Depths:1 | Found an iron altar of Okawaru.
 47868 | D:15     | Received a gift from Trog
 48463 | Depths:1 | Reached skill level 16 in Shields
 48516 | Depths:1 | Found Kutotzax's Book Boutique.
 48518 | Depths:1 | Found Lasuaph's Antique Weapon Shop.
 48716 | Depths:1 | Found a gateway to Hell.
 48719 | Depths:1 | Found Qiut's Jewellery Shop.
 49057 | Depths:1 | Received a gift from Trog
 49357 | Depths:1 | Identified the +1 dagger of the Penguin {speed, rElec rF+
                  | Will+ SInv}
 49371 | Depths:1 | Found Wyiw's Book Boutique.
 49928 | Depths:2 | Found Ahutrai's General Store.
 49942 | Depths:2 | Gained mutation: Your magical capacity is low. (-10% MP) [a
                  | cacodemon]
 49944 | Depths:2 | Found a one-way gate leading to the halls of Pandemonium.
 49966 | Depths:2 | Bought a scroll of enchant armour for 97 gold pieces
 50453 | Depths:2 | Found a one-way gate to the infinite horrors of the Abyss.
 50557 | Depths:2 | Reached skill level 17 in Shields
 50789 | Depths:2 | Noticed a caustic shrike
 50804 | Depths:2 | Killed a caustic shrike
 51149 | Depths:2 | Received a gift from Trog
 51434 | Depths:2 | Identified the +3 fire dragon scales "Tidaix" {Contam rF++
                  | rC- Regen+ Str+3}
 51440 | Depths:2 | Noticed a caustic shrike
 51452 | Depths:2 | Killed a caustic shrike
 51560 | Depths:2 | Identified the staff of conjuration "Azisulus" {rPois rF+++
                  | Str-2}
 52216 | Depths:3 | Found a one-way gateway to a ziggurat.
 52249 | Depths:3 | Identified the +0 ring mail of Beyond {+Blink rElec rF++
                  | Dex-4}
 52557 | Depths:3 | Noticed a golden dragon
 52562 | Depths:3 | Killed a golden dragon
 52566 | Depths:3 | Reached skill level 18 in Shields
 52842 | Depths:3 | Reached XP level 22. HP: 197/216 MP: 19/19
 53029 | Depths:3 | Noticed a golden dragon
 53034 | Depths:3 | Noticed a juggernaut
 53546 | Depths:3 | Killed a juggernaut
 53825 | Depths:3 | Killed a golden dragon
 54197 | Depths:3 | Received a gift from Trog
 54355 | Depths:3 | Reached skill level 19 in Shields
 54620 | Depths:4 | Entered Level 4 of the Depths
 54671 | Depths:4 | Found Rasoc's Armour Boutique.
 54696 | Depths:4 | Found Ociq's Antique Armour Emporium.
 54700 | Depths:4 | Found Gishrel's Antique Armour Emporium.
 54740 | Depths:4 | Bought a jewelled kite shield for 446 gold pieces
 54740 | Depths:4 | Identified the +0 kite shield "Laenoqai" {rF- Str+6} (You
                  | bought it in a shop on level 4 of the Depths)
 54740 | Depths:4 | Bought a pair of glowing gloves for 352 gold pieces
 54740 | Depths:4 | Bought a pair of runed gloves for 352 gold pieces
 55178 | Depths:4 | Reached skill level 15 in Throwing
 55436 | Depths:4 | Found Faila's General Store.
 55485 | Depths:4 | Found Dimuela's Armour Boutique.
 55592 | Depths:4 | Found a glowing golden altar of the Shining One.
 55667 | Depths:4 | Noticed a golden dragon
 55679 | Depths:4 | Killed a golden dragon
 56468 | Depths:4 | Reached skill level 20 in Shields
 56828 | Depths:4 | Received a gift from Trog
 56844 | Depths:4 | Noticed a golden dragon
 56851 | Abyss:3  | Cast into level 3 of the Abyss (black draconian knight)
 56905 | Abyss:3  | Gained mutation: Your body sometimes deteriorates upon
                  | taking damage. [a neqoxec]
 56972 | Abyss:3  | Got an abyssal rune of Zot
 57016 | Depths:4 | Escaped the Abyss
 57021 | Depths:4 | Killed a golden dragon
 57024 | Depths:4 | Noticed a golden dragon
 57039 | Depths:4 | Killed a golden dragon
 57090 | Depths:4 | Noticed a golden dragon
 57111 | Depths:4 | Killed a golden dragon
 57452 | Depths:4 | Found a gate to the Realm of Zot.
 57554 | Depths:4 | Identified the +2 quarterstaff "Rorioton" {flame, Will+
                  | Str-2 Int+3 Stlth+}
 57561 | Depths:4 | Reached skill level 21 in Shields
 58045 | D:7      | Bought a potion of resistance for 130 gold pieces
 58045 | D:7      | Bought a scroll of poison for 52 gold pieces
 58146 | D:2      | Bought a scroll of blinking for 90 gold pieces
 58146 | D:2      | Bought 2 scrolls of blinking for 180 gold pieces
 58146 | D:2      | Bought a scroll of teleportation for 36 gold pieces
 58146 | D:2      | Bought a potion of might for 48 gold pieces
 58167 | D:2      | Bought a potion of heal wounds for 105 gold pieces
 58167 | D:2      | Bought a potion of curing for 63 gold pieces
 58167 | D:2      | Bought a scroll of fear for 84 gold pieces
 58795 | Orc:2    | Bought a potion of heal wounds for 95 gold pieces
 58795 | Orc:2    | Bought a potion of cancellation for 152 gold pieces
 58797 | Orc:2    | Bought a potion of curing for 45 gold pieces
 58797 | Orc:2    | Bought a potion of haste for 150 gold pieces
 58797 | Orc:2    | Bought a potion of curing for 45 gold pieces
 58797 | Orc:2    | Bought a potion of cancellation for 120 gold pieces
 59085 | Vaults:5 | Entered Level 5 of the Vaults
 59116 | Vaults:4 | Reached XP level 23. HP: 112/223 MP: 8/20
 59352 | Vaults:5 | Noticed Saint Roka
 60010 | Vaults:5 | Noticed an ancient lich
 60024 | Vaults:5 | Noticed Mennas
 60225 | Crypt:1  | Entered Level 1 of the Crypt
 60272 | Crypt:1  | Received a gift from Trog
 60863 | Crypt:1  | Reached skill level 22 in Shields
 62249 | Crypt:2  | Noticed Hali's ghost (veteran FoFi)
 62285 | Crypt:2  | Found a runed translucent gate.
 62285 | Crypt:2  | Found a runed translucent gate.
 62285 | Crypt:2  | Found a runed translucent gate.
 62507 | Crypt:2  | Noticed a dread lich
 62852 | Crypt:2  | Found a transporter.
 62877 | Crypt:2  | Found a transporter.
 62964 | Crypt:3  | Entered Level 3 of the Crypt
 63487 | Crypt:3  | Received a gift from Trog
 63857 | Crypt:3  | Noticed an ancient lich
 63865 | Crypt:3  | Reached skill level 23 in Shields
 63872 | Crypt:3  | Killed an ancient lich
 64602 | Crypt:3  | Found a staircase to the Tomb.
 65109 | Crypt:2  | Received a gift from Trog
 65399 | Crypt:2  | Found a basalt altar of Yredelemnul.
 65642 | Crypt:3  | Reached XP level 24. HP: 235/235 MP: 18/20
 66160 | Crypt:3  | Found an ancient bone altar of Kikubaaqudgha.
 66299 | Crypt:3  | Found a basalt altar of Yredelemnul.
 66389 | Crypt:3  | Identified the +0 chain mail "Konni" {rPois rC- Int+4}
 66412 | Crypt:3  | Found the +5 scythe "Finisher" {speed, execute}
 66855 | Zot:1    | Entered Level 1 of the Realm of Zot
 67728 | Zot:1    | Reached skill level 24 in Shields
 68944 | Zot:1    | Identified the +1 shortbow of Gallantry {freeze, Str+3}
 69542 | Zot:1    | Received a gift from Trog
 69751 | Zot:1    | Found the +8 storm bow {elec, penet}
 69882 | Zot:2    | Identified the +2 scale mail of the New World {rElec rF-
                  | Regen+ SInv}
 70133 | Zot:2    | Noticed an orb of fire
 70312 | Zot:1    | Gained mutation: You occasionally lose the ability to read
                  | scrolls when taking damage. [an orb of fire]
 70318 | Zot:1    | Gained mutation: Your body often deteriorates upon taking
                  | damage. [an orb of fire]
 70319 | Zot:1    | Killed an orb of fire
 70337 | Zot:1    | Lost mutation: Your body often deteriorates upon taking
                  | damage. [potion of mutation]
 70337 | Zot:1    | Lost mutation: Your body sometimes deteriorates upon taking
                  | damage. [potion of mutation]
 70337 | Zot:1    | Lost mutation: Your magical capacity is low. (-10% MP)
                  | [potion of mutation]
 70337 | Zot:1    | Lost mutation: You occasionally lose the ability to read
                  | scrolls when taking damage. [potion of mutation]
 70337 | Zot:1    | Gained mutation: You are frail. (-10% HP) [potion of
                  | mutation]
 70337 | Zot:1    | Lost mutation: You are frail. (-10% HP) [potion of
                  | mutation]
 70337 | Zot:1    | Gained mutation: Your magical capacity is low. (-10% MP)
                  | [potion of mutation]
 70337 | Zot:1    | Gained mutation: You are weak. (Str -2) [potion of
                  | mutation]
 70337 | Zot:1    | Gained mutation: You sometimes lose your temper in combat.
                  | [potion of mutation]
 70337 | Zot:1    | Gained mutation: You are frail. (-10% HP) [potion of
                  | mutation]
 70337 | Zot:1    | Gained mutation: Your tail ends in a venomous barb. [potion
                  | of mutation]
 70338 | Zot:1    | Lost mutation: You sometimes lose your temper in combat.
                  | [potion of mutation]
 70338 | Zot:1    | Lost mutation: You are weak. (Str -2) [potion of mutation]
 70338 | Zot:1    | Lost mutation: You are frail. (-10% HP) [potion of
                  | mutation]
 70338 | Zot:1    | Lost mutation: Your magical capacity is low. (-10% MP)
                  | [potion of mutation]
 70338 | Zot:1    | Lost mutation: Your tail ends in a venomous barb. [potion
                  | of mutation]
 70338 | Zot:1    | Gained mutation: You are clumsy. (Dex -2) [potion of
                  | mutation]
 70338 | Zot:1    | Gained mutation: You are weak. (Str -2) [potion of
                  | mutation]
 70338 | Zot:1    | Gained mutation: You have a beak for a mouth. [potion of
                  | mutation]
 70338 | Zot:1    | Gained mutation: Your system is resistant to poisons.
                  | (rPois) [potion of mutation]
 70338 | Zot:1    | Gained mutation: You are very clumsy. (Dex -4) [potion of
                  | mutation]
 70338 | Zot:1    | Gained mutation: Your flesh is cold resistant. (rC+)
                  | [potion of mutation]
 71892 | Zot:2    | You fall into a shaft and drop 1 floor!
 72055 | Zot:3    | Reached skill level 25 in Shields
 72914 | Zot:3    | Received a gift from Trog
 73024 | Zot:3    | Noticed an orb of fire
 73025 | Zot:3    | Gained mutation: You are very weak. (Str -4) [an orb of
                  | fire]
 73027 | Zot:3    | Gained mutation: You occasionally shout uncontrollably at
                  | your foes. [an orb of fire]
 73027 | Zot:3    | Gained mutation: You sometimes lose your temper in combat.
                  | [an orb of fire]
 73041 | Zot:2    | Gained mutation: You are dopey. (Int -2) [an orb of fire]
 73043 | Zot:2    | Gained mutation: Your spells are a little easier to cast,
                  | but a little less powerful. [an orb of fire]
 73049 | Zot:2    | Killed an orb of fire
 73093 | Zot:2    | Lost mutation: You sometimes lose your temper in combat.
                  | [potion of mutation]
 73093 | Zot:2    | Lost mutation: Your system is resistant to poisons. (rPois)
                  | [potion of mutation]
 73093 | Zot:2    | Lost mutation: You are very clumsy. (Dex -4) [potion of
                  | mutation]
 73093 | Zot:2    | Lost mutation: You have a beak for a mouth. [potion of
                  | mutation]
 73093 | Zot:2    | Lost mutation: Your flesh is cold resistant. (rC+) [potion
                  | of mutation]
 73093 | Zot:2    | Lost mutation: Your spells are a little easier to cast, but
                  | a little less powerful. [potion of mutation]
 73093 | Zot:2    | Gained mutation: Your spells are a little harder to cast,
                  | but a little more powerful. [potion of mutation]
 73583 | Zot:3    | Identified the +1 ring mail "Oqiskor" {rN+}
 73904 | Zot:3    | Reached XP level 25. HP: 242/247 MP: 18/23
 75246 | Zot:4    | Identified the +8 great sword of Egomania {drain, *Noise
                  | rC+ rN+ Int+7}
 75276 | Zot:4    | Reached skill level 26 in Shields
 75682 | Zot:5    | Entered Level 5 of the Realm of Zot
 77103 | Zot:5    | Noticed an orb of fire
 77109 | Zot:5    | Gained mutation: Your movements are slightly less
                  | encumbered by armour. (ER -2) [an orb of fire]
 77119 | Zot:5    | Gained mutation: Your magical capacity is low. (-10% MP)
                  | [an orb of fire]
 77122 | Zot:5    | Killed an orb of fire
 77395 | Zot:5    | Noticed an orb of fire
 77399 | Zot:5    | Gained mutation: You are frail. (-10% HP) [an orb of fire]
 77400 | Zot:5    | Gained mutation: Your magical capacity is very low. (-20%
                  | MP) [an orb of fire]
 77402 | Zot:5    | Gained mutation: Your magical capacity is extremely low.
                  | (-30% MP) [an orb of fire]
 77406 | Zot:5    | Noticed a Killer Klown
 77413 | Zot:5    | Noticed a Killer Klown
 77415 | Zot:5    | Killed a Killer Klown
 77418 | Zot:5    | Gained mutation: You have a beak for a mouth. [an orb of
                  | fire]
 77433 | Zot:5    | Gained mutation: You are very clumsy. (Dex -4) [an orb of
                  | fire]
 77446 | Zot:5    | Gained mutation: You are vulnerable to heat. (rF-) [an orb
                  | of fire]
 77448 | Zot:5    | Killed an orb of fire
 77781 | Zot:5    | a Killer Klown changed into an acid blob
 77846 | Zot:4    | Lost mutation: Your magical capacity is extremely low.
                  | (-30% MP) [potion of mutation]
 77846 | Zot:4    | Lost mutation: You occasionally shout uncontrollably at
                  | your foes. [potion of mutation]
 77846 | Zot:4    | Lost mutation: You are very clumsy. (Dex -4) [potion of
                  | mutation]
 77846 | Zot:4    | Lost mutation: You have a beak for a mouth. [potion of
                  | mutation]
 77846 | Zot:4    | Gained mutation: Your body sometimes deteriorates upon
                  | taking damage. [potion of mutation]
 77846 | Zot:4    | Gained mutation: You have a pair of small horns on your
                  | head. [potion of mutation]
 77847 | Zot:4    | Lost mutation: You are very weak. (Str -4) [potion of
                  | mutation]
 77847 | Zot:4    | Lost mutation: Your movements are slightly less encumbered
                  | by armour. (ER -2) [potion of mutation]
 77847 | Zot:4    | Lost mutation: You are frail. (-10% HP) [potion of
                  | mutation]
 77847 | Zot:4    | Lost mutation: You are dopey. (Int -2) [potion of mutation]
 77847 | Zot:4    | Lost mutation: You have a pair of small horns on your head.
                  | [potion of mutation]
 77847 | Zot:4    | Gained mutation: You are very clumsy. (Dex -4) [potion of
                  | mutation]
 77847 | Zot:4    | Gained mutation: You have sharp toenails. [potion of
                  | mutation]
 77848 | Zot:4    | Lost mutation: You are very clumsy. (Dex -4) [potion of
                  | mutation]
 77848 | Zot:4    | Lost mutation: Your spells are a little harder to cast, but
                  | a little more powerful. [potion of mutation]
 77848 | Zot:4    | Lost mutation: You have sharp toenails. [potion of
                  | mutation]
 77848 | Zot:4    | Lost mutation: Your body sometimes deteriorates upon taking
                  | damage. [potion of mutation]
 77848 | Zot:4    | Lost mutation: Your magical capacity is very low. (-20% MP)
                  | [potion of mutation]
 77848 | Zot:4    | Lost mutation: Your magical capacity is low. (-10% MP)
                  | [potion of mutation]
 77848 | Zot:4    | Gained mutation: Your mind is acute. (Int +4, Str/Dex -1)
                  | [potion of mutation]
 77848 | Zot:4    | Gained mutation: You are somewhat resistant to further
                  | mutation. [potion of mutation]
 77848 | Zot:4    | Gained mutation: Your mind is very acute. (Int +8, Str/Dex
                  | -2) [potion of mutation]
 77849 | Zot:4    | Lost mutation: Your mind is very acute. (Int +8, Str/Dex
                  | -2) [potion of mutation]
 77849 | Zot:4    | Lost mutation: You are clumsy. (Dex -2) [potion of
                  | mutation]
 77849 | Zot:4    | Lost mutation: You are vulnerable to heat. (rF-) [potion of
                  | mutation]
 77849 | Zot:4    | Lost mutation: Your mind is acute. (Int +4, Str/Dex -1)
                  | [potion of mutation]
 77849 | Zot:4    | Gained mutation: You have sharp toenails. [potion of
                  | mutation]
 77912 | Zot:5    | Noticed an ancient lich
 77916 | Zot:5    | Killed an ancient lich
 77972 | Zot:5    | Noticed a dread lich
 77979 | Zot:5    | Killed a dread lich
 78149 | Zot:5    | Noticed an orb of fire
 78161 | Zot:5    | Gained mutation: You possess an exceptional clarity of
                  | mind. [an orb of fire]
 78165 | Zot:5    | Killed an orb of fire
 78205 | Zot:5    | Noticed a Killer Klown
 78222 | Zot:5    | Killed a Killer Klown
 78490 | Zot:5    | Noticed a dread lich
 78500 | Zot:5    | Killed a dread lich
 78501 | Zot:5    | Reached skill level 27 in Shields
 78609 | Zot:5    | Noticed a Killer Klown
 78614 | Zot:5    | Killed a Killer Klown
 78812 | Zot:5    | Noticed an ancient lich
 78824 | Zot:5    | Killed an ancient lich
 78825 | Zot:5    | Reached XP level 26. HP: 258/258 MP: 18/23
 78839 | Zot:5    | Noticed an orb of fire
 78854 | Zot:5    | Noticed an ancient lich
 78859 | Zot:5    | Gained mutation: You are dopey. (Int -2) [an orb of fire]
 78873 | Zot:5    | Killed an ancient lich
 78879 | Zot:5    | Killed an orb of fire
 79170 | Zot:5    | Noticed an orb of fire
 79181 | Zot:5    | Gained mutation: You occasionally lose the ability to read
                  | scrolls when taking damage. [an orb of fire]
 79191 | Zot:5    | Noticed a dread lich
 79196 | Zot:5    | Killed an orb of fire
 79201 | Zot:5    | Killed a dread lich
 79366 | Zot:5    | Identified the +3 robe of Submission {rF++ Regen+ Dex+2}
 79687 | Zot:5    | Lost mutation: You have sharp toenails. [potion of
                  | mutation]
 79687 | Zot:5    | Lost mutation: You are dopey. (Int -2) [potion of mutation]
 79687 | Zot:5    | Lost mutation: You are weak. (Str -2) [potion of mutation]
 79687 | Zot:5    | Lost mutation: You occasionally lose the ability to read
                  | scrolls when taking damage. [potion of mutation]
 79690 | Zot:5    | Got the Orb of Zot
 79925 | Depths:1 | Noticed Yliesk the pandemonium lord
 80202 | D:$      | Escaped with the Orb!

Illustrated notes

Levels and vault maps discovered:
D:1:      tarquinn_simple_flora_water_a, layout_rooms, skrybe_limestone_x,
          dreamdust_mushroom_princess, chequers_serial_rivers_large_a,
          hangedman_decor_push
D:2:      layout_rooms, serial_shops, shop, shop, shop, shop, shop,
          shapermc_ecumenical_altar_acropolis, chequers_serial_rivers_micro_c,
          small_statue_intersection
D:3:      layout_basic, uniq_sigmund, uniq_natasha, uniq_pargi
D:4:      layout_loops_cross, mainiacjoe_overflow_chevrons,
          chequers_temple_overflow_statue_of_worship, serial_shops,
          nicolae_shop_gaudy_bauble, uniq_robin
D:5:      layout_cave_pools, minmay_temple_entry_slanted,
          nicolae_shop_distant_corner_stores
D:6:      layout_cave_pods, nicolae_ru_great_annihilating_truth,
          gup_sewer_entry_spiral, serial_shops, shop
D:7:      layout_rooms, nicolae_wu_jian_wuxing_cycle, serial_shops,
          nicolae_diamond_shop, shop_statue, nicolae_shop_tiny_waterfront, shop,
          nrook_mini_backslash, uniq_pikel, uniq_crazy_yiuf_cottage
D:8:      layout_basic, lemuel_tele_altar, led_sif_book,
          nicolae_qazlal_eye_of_the_storm, lair_entry_dummy,
          nicolae_ossuary_entry_giza, minmay_hedge_maze,
          onia_ninara_dug_in_and_dangerous, uniq_prince_ribbit1
D:9:      minmay_the_grid_triangle_9x9_rhombus_thin_mashed
          [minmay_the_grid_triangle_9x9_odd_lines,
          minmay_the_grid_triangle_9x9_prize_top_heavy,
          minmay_the_grid_triangle_9x9_tough_junction,
          minmay_the_grid_triangle_9x9_corrupted_corridor], layout_loops_cross,
          serial_bayou_lagoon_a, glass_columns_c, minivault_25, uniq_erolcha
D:10:     layout_rooms, mainiacjoe_overflow_brackets
D:11:     layout_basic, uniq_snorg, uniq_grum
D:12:     layout_basic, orc_0_dummy, serial_shops, shop
D:13:     layout_loops_ring, minmay_orc_keep, uniq_nessos
D:14:     layout_roguey [special_room_bee], david_vaults_5, serial_shops, shop,
          elyvilon_altar_5, uniq_roxanne
D:15:     grunt_enter_depths_giant_problem, layout_cave_pools,
          palyth_stone_intersect, ebering_ghost_disaster_area, uniq_rupert
Lair:1:   layout_regular_city, serial_bayou_shore_a, lemuel_fruit_fields,
          grunt_megastairs_4, lemuel_fruit_tree, infiniplex_staircase_pool
Lair:2:   beast_lair_carwin_large_1, layout_cellular_growth,
          hellmonk_spider_entry_not_the_bees
Lair:3:   layout_hall_layers, elwin_shoals_entry_stream, uniq_fannar, uniq_urug,
          uniq_gastronok
Lair:4:   gammafunk_boulding_lane, layout_cave_pods, slime_entry_1,
          uniq_josephine
Lair:5:   minmay_lair_end_frog_pond, layout_loops_ring, st_stairs_6,
          nicolae_lair_grove_arrangements, nicolae_quartered_pool_little,
          kennysheep_abandoned_house
Shoals:1: dreamdust_from_the_deep, layout_shoals, nicolae_shop_dragon_depot,
          uniq_kirke, uniq_louise
Shoals:2: layout_shoals, nicolae_shoals_gull_way, uniq_polyphemus, uniq_nikola
Shoals:3: layout_shoals, nicolae_specific_store, nicolae_island_escapes
Shoals:4: shoals_end_grunt_ice, layout_shoals
Spider:1: layout_cave_pods, nicolae_spider_paper_wasps
Spider:2: layout_chambers, uniq_arachne
Spider:3: layout_spider_delve, drop_trap
Spider:4: grunt_spider_rune_circles
Orc:1:    layout_caves, serial_shops, shop
Orc:2:    st_orc_elflike, layout_diamond_mine, basic_altar, serial_shops, shop,
          nicolae_shop_statue_plus, mines3_lemuel
Elf:1:    minmay_elf_arrival_plus, layout_rooms, special_room
          [special_room_mythical_zoo], kennysheep_underground_church,
          uniq_jorgrun, uniq_agnes
Elf:2:    elven_hall_of_blades_hangedman_alternative
          [nooodl_blade_entry_preview], layout_onion_city, moated_statue
Elf:3:    elf_hall_gauntlet_narrow, layout_geoelf_castle, serial_shops, shop,
          nicolae_shop_tiny_glass, nicolae_shop_gaudy_bauble,
          nicolae_shop_crystal, shop, st_stairs_6, nicolae_elf_blasts_and_bolts
Vaults:1: nicolae_vaults_little_ls, nicolae_vaults_diamond_2,
          hellmonk_guarded_unrand_gong, v_misc_19,
          hangedman_vaults_corner_blocks, nicolae_vaults_door_testing_chamber,
          vaults_mumra_hex, nicolae_vaults_tetromino_T_2,
          layout_vaults_omnigrid, uniq_aizul
Vaults:2: ebering_ghost_gozag, nicolae_vaults_weapon_check,
          hangedman_vaults_slither, nicolae_vaults_shrinking_rooms_1, v_misc_28,
          v_rooms_6, ontoclasm_vaults_tryst, grunt_vaults_diagonal,
          nicolae_vaults_two_Ls, v_pattern_1, ontoclasm_vaults_twist,
          ontoclasm_vaults_fault, nicolae_vaults_tetromino_T_2,
          layout_vaults_maze
Vaults:3: nicolae_vaults_two_Ls, nicolae_vaults_network_star,
          nicolae_vaults_tetromino_Z_1, minmay_crypt_entry_simple_walls,
          v_misc_24, ontoclasm_vaults_chip, ontoclasm_vaults_spin,
          ontoclasm_vaults_ring_small, nicolae_vaults_heist,
          ontoclasm_vaults_gateway, v_alt_pattern_4,
          nicolae_vaults_stepped_doors, layout_vaults_omnibox, uniq_mara
Vaults:4: nicolae_vaults_closet_pinwheel_5,
          nicolae_vaults_shipping_containers_3, vaults_room_door_ring,
          hangedman_vaults_stagger, nicolae_vaults_network_square, v_pattern_2,
          nicolae_vaults_closet_pinwheel_2, nicolae_vaults_closet_pinwheel_2,
          nicolae_vaults_house_3, vaults_dpeg_spiral,
          nicolae_vaults_angled_halls, v_misc_13, layout_vaults_ring,
          uniq_zenata
Vaults:5: uniq_saint_roka, uniq_xtahua, uniq_mennas, uniq_jory, uniq_bai_suzhen
Crypt:1:  layout_misc_corridors, grunt_crypt_arrival_split
Crypt:2:  gammafunk_the_bubble [the_bubble_gammafunk_split],
          layout_chaotic_city, gammafunk_ghost_split, grunt_megastairs_5,
          lemuel_upstairs_altar
Crypt:3:  lightli_unholy_cathedral, layout_chaotic_city,
          tomb_entry_sphere_bobbens
Depths:1: layout_forbidden_donut, hell_entry, grunt_decor_mini_mirrors,
          serial_shops, nicolae_shop_peninsula, shop, okawaru_trees_1,
          minmay_shoptagon, kennysheep_random_hallway
Depths:2: minmay_tri_box, layout_cave_shapes, serial_shops,
          nicolae_shop_tiny_waterfront, hell_entry, rand_demon_pan_entry_4,
          minmay_door_square, serial_column_ruins, column_ruins_portal_astroid,
          column_ruins_corridor_straight, column_ruins_grid_1,
          column_ruins_columns_straight, column_ruins_columns_straight,
          infiniplex_staircase_door_maze
Depths:3: nicolae_fronds_of_death, layout_cave_pools, enter_ziggurat_b,
          hell_entry, chequers_jeans, abyss_entry, minmay_pinched_square,
          minmay_staircase_windowed_large
Depths:4: lemuel_castle_with_subvaults [lemuel_castle_interior_carwin_2],
          layout_long_grid, pan_entry, serial_shops, shop_statue,
          nicolae_shop_tiny_real_fake_doors,
          nicolae_shop_competitors_out_of_business,
          abyss_entry_small_statue_room, hangedman_geh_valley,
          nicolae_tso_swordbearing_angel, minmay_shop_star
Zot:1:    layout_cathedral_of_symmetry, hangedman_spider_trapstep, uniq_parghit
Zot:2:    layout_concentric_octagons, skrybe_zot_glass_2
Zot:3:    layout_gridlike, hangedman_elemental_corridor, grunt_megastairs_2
Zot:4:    layout_onion
Zot:5:    layout_onion

Skill      XL: |  1  2  3  4  5  6  7  8  9 10 11 12 13 14 15 16 17 18 19 20 21 22 23 24 25 26 |
---------------+-------------------------------------------------------------------------------+-----
Long Blades    | 3 4 5 6 8 10 12 14 15 16 18 19 | 19.2
Fighting       | 3 4 5 6 7 9 10 11 12 13 14 15 16 17 18 19 20 21 | 21.3
Unarmed Combat | 1 |  1.0
Dodging        | 2 3 8 10 11 12 | 12.0
Armour         | 3 5 8 9 11 13 14 15 18 20 21 22 24 | 24.7
Throwing       | 1 4 6 7 9 11 13 14 15 16 | 16.0
Shields        | 3 7 9 11 15 18 21 23 25 27 | 27.0

Action                     |  1- 3 |  4- 6 |  7- 9 | 10-12 | 13-15 | 16-18 | 19-21 | 22-24 | 25-27 || total
---------------------------+-------+-------+-------+-------+-------+-------+-------+-------+-------++-------
  Melee: Falchion          |   159 |   166 |   528 |   244 |       |       |       |       |       ||  1097
         Tailslap          |    13 |    21 |    79 |    76 |   179 |   288 |   493 |   416 |   172 ||  1737
         Punch             |     1 |     3 |     6 |     4 |       |       |       |       |       ||    14
         Battleaxe         |       |       |    45 |     4 |    39 |    13 |       |       |       ||   101
         Great sword       |       |       |       |   351 |  1049 |   641 |       |       |       ||  2041
         Double sword      |       |       |       |       |       |   912 |  2124 |  1921 |   768 ||  5725
         Peck              |       |       |       |       |       |       |       |    69 |     3 ||    72
  Throw: Dart              |       |       |     6 |     4 |     9 |     5 |     1 |     5 |     2 ||    32
         Throwing net      |       |       |     2 |       |     3 |     1 |     1 |       |       ||     7
         Javelin           |       |       |       |       |       |    27 |    37 |    60 |    24 ||   148
 Invoke: Berserk           |     2 |     4 |     7 |     4 |     4 |     4 |     3 |     2 |       ||    30
         Trog's Hand       |       |     1 |     3 |     4 |     9 |    11 |    19 |    27 |    18 ||    92
         Brothers in Arms  |       |       |       |       |       |     1 |     1 |     1 |       ||     3
  Evoke: Wand              |       |       |       |     2 |    21 |    25 |     9 |    20 |       ||    77
         Condenser vane    |       |       |       |       |     1 |     1 |     1 |       |       ||     3
         Piece from Xom's  |       |       |       |       |       |     1 |       |       |       ||     1
    Use: Scroll            |     2 |     2 |    12 |     5 |    18 |    14 |     4 |    15 |     4 ||    76
         Potion            |       |       |     2 |     4 |     2 |    16 |     2 |    28 |    17 ||    71
   Stab: Paralysed         |       |       |     2 |       |       |       |       |       |       ||     2
         Invisible         |       |       |       |     2 |       |       |       |       |       ||     2
         Petrified         |       |       |       |       |       |     4 |       |       |       ||     4
         Held in net/web   |       |       |       |       |       |     3 |       |       |       ||     3
         Confused          |       |       |       |       |       |       |       |     1 |       ||     1
 Armour: Animal skin       |    67 |    12 |       |       |       |       |       |       |       ||    79
         Troll leather arm |       |    54 |   262 |   208 |   514 |       |       |       |       ||  1038
         Leather armour    |       |       |       |       |   104 |   644 |       |       |       ||   748
         Gold dragon scale |       |       |       |       |       |   467 |  1307 |  1644 |   362 ||  3780
  Dodge: Dodged            |    85 |    97 |   243 |   376 |   892 |   907 |   524 |   472 |   122 ||  3718
  Block: Other             |       |       |       |   103 |   304 |   239 |       |       |       ||   646
         Reflection        |       |       |       |     3 |     7 |    58 |    68 |    28 |    15 ||   179
         Buckler           |       |       |       |       |       |   550 |    81 |       |       ||   631
         Kite shield       |       |       |       |       |       |       |  1512 |   715 |       ||  2227
         Tower shield      |       |       |       |       |       |       |       |  1934 |   839 ||  2773

Table legend: (Time is in decaauts)
 A = Elapsed time spent in this place.
 B = Non-inter-level travel time spent in this place.
 C = Inter-level travel time spent in this place.
 D = Time resting spent in this place.
 E = Time spent auto-exploring this place.
 F = Levels seen in this place.
 G = Mean time per level.
                   A        B        C        D        E       F      G
               +--------+--------+--------+--------+--------+-----+--------+
         Total |  79680 |  70270 |   9410 |  19761 |  27062 |  53 | 1503.4 |
       Dungeon |  15705 |  12239 |   3466 |   1664 |   6755 |  15 | 1047.0 |
          Lair |   6760 |   5925 |    835 |   1170 |   3154 |   5 | 1352.0 |
        Shoals |   4999 |   4602 |    397 |   1283 |   1961 |   4 | 1249.8 |
   Spider Nest |   6952 |   6262 |    690 |   2224 |   2558 |   4 | 1738.0 |
  Orcish Mines |   1645 |   1248 |    397 |     57 |    764 |   2 |  822.5 |
   Elven Halls |   3900 |   3482 |    418 |    297 |   1559 |   3 | 1300.0 |
        Vaults |  10104 |   8866 |   1238 |   2585 |   3717 |   5 | 2020.8 |
         Crypt |   6453 |   5994 |    459 |   1818 |   2036 |   3 | 2151.0 |
        Depths |   9908 |   9148 |    760 |   3613 |   2308 |   4 | 2477.0 |
           Zot |  12522 |  11776 |    746 |   5048 |   2136 |   5 | 2504.4 |
         Abyss |    149 |    149 |      0 |      0 |      0 |   1 |  149.0 |
         Sewer |    217 |    217 |      0 |      0 |     54 |   1 |  217.0 |
       Ossuary |    359 |    359 |      0 |      0 |     60 |   1 |  359.0 |
               +--------+--------+--------+--------+--------+-----+--------+

Top non-repeatable levels by time:
   Zot:5: 3208 daAuts
Depths:4: 3125 daAuts
   Zot:1: 3117 daAuts
Spider:2: 3097 daAuts
Vaults:2: 2948 daAuts
Depths:2: 2738 daAuts
 Crypt:2: 2710 daAuts
Vaults:4: 2705 daAuts
 Crypt:3: 2486 daAuts
Depths:3: 2481 daAuts
   Zot:2: 2346 daAuts
   Zot:3: 2313 daAuts
Vaults:3: 2239 daAuts
Vaults:1: 2169 daAuts
Shoals:3: 1855 daAuts
